 Dungeon Crawl Stone Soup version 0.13-a0-3092-g1832de8 (webtiles) character file.

4035 PolkaDot the Cloud Mage (level 9, -1/55 HPs)
             Began as a Vampire Wizard on Sept 19, 2013.
             Was a Priest of Sif Muna.
             Slain by a wight
             ... wielding a +2,+0 halberd
              (8 damage)
             ... on Level 8 of the Dungeon.
             The game lasted 00:57:09 (11401 turns).

PolkaDot the Cloud Mage (Vampire Wizard)           Turns: 11401, Time: 00:57:09

HP  -1/55        AC  5     Str  6      XL: 9   Next: 90%
MP  13/23        EV 12     Int 23      God: Sif Muna [***...]
Gold 338         SH  0     Dex 12      Spells:  3 memorised, 13 levels left

Res.Fire  : + . .   See Invis. : +   g - staff of fire
Res.Cold  : + . .   Warding    : +   a - +0 robe
Life Prot.: + + +   Conserve   : .   (no shield)
Res.Poison: +       Res.Corr.  : .   b - +0 wizard hat
Res.Elec. : .       Clarity    : .   J - +1 dwarf cloak
Sust.Abil.: + .     Spirit.Shd : .   C - +0 pair of gloves
Res.Mut.  : .       Stasis     : .   (no boots)
Res.Rott. : +       Flight     : .   l - amulet of warding
Saprovore : . . .                    p - ring of sustain abilities
                                     j - ring of flight

@: regenerating slowly, somewhat resistant to hostile enchantments, stealthy
A: bottle blood, fangs 3, see invisible, unbreathing
a: Bat Form, Bottle Blood, Channel Energy, Forget Spell, Renounce Religion,
Evoke Flight


You were on level 8 of the Dungeon.
You worshipped Sif Muna.
Sif Muna was greatly pleased with you.
You were thirsty.

You visited 2 branches of the dungeon, and saw 9 of its levels.

You collected 318 gold pieces.

Inventory:

Hand weapons
 k - a +2,+0 orcish falchion of holy wrath
 G - a +0,+5 scythe of slicing
Armour
 a - a +0 robe (worn)
 b - a +0 wizard hat (worn)
 C - a +0 pair of gloves (worn)
 J - a +1 dwarven cloak (worn)
Magical devices
 F - a wand of flame (14) {unknown}
 I - a wand of enslavement (10) {unknown}
Scrolls
 d - 2 scrolls of amnesia {unknown}
 h - a scroll of curse armour {unknown}
 i - a scroll of recharging {unknown}
 n - 3 scrolls of remove curse
 v - 3 scrolls of enchant weapon II {unknown}
 y - 3 scrolls of identify
 A - a scroll of acquirement {unknown}
 B - a scroll of immolation {unknown}
 D - a scroll of blinking
 H - 2 scrolls of teleportation
 K - a scroll of fear {unknown}
Jewellery
 j - a ring of flight (left hand)
 l - an amulet of warding (around neck)
 p - a ring of sustain abilities (right hand)
 E - a +1 ring of protection {unknown}
Potions
 e - 2 potions of berserk rage
 f - 2 potions of curing
 m - 3 potions of brilliance
 o - a potion of confusion {unknown}
 q - 2 potions of poison {unknown}
 r - a potion of flight {unknown}
 s - 3 potions of speed
 t - a potion of mutation {unknown}
 u - 3 potions of restore abilities {unknown}
 w - 3 potions of heal wounds {unknown}
 x - a potion of cure mutation {unknown}
Books
 c - a book of Minor Magic

   Spells                             Type                      Level
   *Magic Dart                        Conjuration                  1
   Blink                              Translocation                2
   Call Imp                           Summoning                    2
   Repel Missiles                     Charms/Air                   2
   Slow                               Hexes                        2
   *Conjure Flame                     Conjuration/Fire             3
   *Mephitic Cloud                    Conjuration/Poison/Air       3
Magical staves
 g - an uncursed staff of fire (weapon)


   Skills:
 - Level 2.1 Dodging
 - Level 3.0 Stealth
 + Level 6.0 Spellcasting
 - Level 5.0 Conjurations
   Level 1.0 Summonings
   Level 0.7 Translocations
 + Level 4.7 Fire Magic
 * Level 8.2 Air Magic
 + Level 4.1 Invocations


You had 13 spell levels left.
You knew the following spells:

 Your Spells              Type           Power        Failure   Level  Hunger
a - Magic Dart            Conj           ####         1%          1    None
d - Mephitic Cloud        Conj/Pois/Air  ####....     6%          3    ##.....
s - Conjure Flame         Conj/Fire      #####...     4%          3    ##.....


Dungeon Overview and Level Annotations

Branches:
Dungeon (8/27)             Temple (1/1) D:6
    Orc: D:6-11        Lair: D:8-13

Altars:
Ashenzari
Cheibriados
Elyvilon
Fedhas
Kikubaaqudgha
Makhleb
Nemelex Xobeh
Okawaru
Sif Muna
Trog
Vehumet
Xom
Yredelemnul
Zin
the Shining One
Jiyva

Portals:
Ziggurat: D:3 (10950 gp)

Annotations:
D:5 exclusion: oklob plant


Innate Abilities, Weirdness & Mutations

You heal slowly.
You can bottle blood from corpses.
You have razor-sharp teeth.*
You have supernaturally acute eyesight.
You can survive without breathing.*


Message History

Casting: Magic Dart
Confirm with . or Enter, or press ? or * to list all spells.
Aiming: Magic Dart
Press: ? - help, Shift-Dir - straight line, f/p - wight
Aim: a wight, wielding a glowing battleaxe and wearing a robe (severely damaged)
The magic dart hits the wight.
The wight is severely damaged.
The wight hits you from afar with a halberd!
* * * LOW HITPOINT WARNING * * *
The adder bites you but does no damage.
Casting: Magic Dart
Confirm with . or Enter, or press ? or * to list all spells.
Aiming: Magic Dart
Press: ? - help, Shift-Dir - straight line, f/p - wight
Aim: a wight, wielding a glowing battleaxe and wearing a robe (severely damaged)
The magic dart hits the wight.
You destroy the wight!
The adder closely misses you.
The wight hits you from afar with a halberd!
You die...

### ##.. ##...
###### ###....
#....### #.....#
##......####....##
##.......##.....##
#....#....#....##
#.@.###...#...##
#(S).##.......#
##..z.##.....##
##....##...##
##...###### .....
## #... ###. #.
#... ##...


You could see a wight and an adder.

Vanquished Creatures
  Pikel (D:6)
  Grinder (D:6)
  Eustachio (D:7)
  2 hungry ghosts (D:7)
  A hippogriff (D:8)
  2 orc warriors (D:8)
  4 slaves (D:6)
  A black bear (D:7)
  A sky beast (D:7)
  4 ogres
  2 centaurs (D:7)
  Sigmund (D:7)
  A giant frog (D:6)
  4 killer bees (D:7)
  A wight (D:8)
  4 jellies
  4 crimson imps
  A goliath beetle (D:7)
  A two-headed ogre zombie (D:7)
  2 big fish (D:5)
  Crazy Yiuf (D:5)
  An orc priest (D:8)
  An iguana (D:5)
  7 orc wizards
  A hound (D:4)
  12 worker ants
  A scorpion (D:8)
  Ijyb (D:5)
  A hound zombie (D:8)
  3 gnolls (D:3)
  11 adders
  3 worms
  A giant eyeball (D:6)
  5 giant geckos
  5 oozes
  20 orcs
  3 giant cockroaches
  13 goblins
  11 hobgoblins
  2 jackals (D:7)
  4 ball pythons
  11 bats
  2 giant newts
  A giant spore (D:7)
  12 kobolds
  A kobold zombie (D:6)
  An orc skeleton (D:5)
  6 quokkas
  12 rats
192 creatures vanquished.

Notes
Turn   | Place    | Note
--------------------------------------------------------------
     0 | D:1      | PolkaDot, the Vampire Wizard, began the quest for the Orb.
     0 | D:1      | Reached XP level 1. HP: 11/11 MP: 6/6
   209 | D:1      | Reached skill level 1 in Conjurations
   623 | D:1      | Reached XP level 2. HP: 17/17 MP: 5/8
  1255 | D:2      | Reached XP level 3. HP: 22/22 MP: 2/10
  1990 | D:3      | Learned a level 3 spell: Conjure Flame
  1999 | D:3      | Learned a level 3 spell: Mephitic Cloud
  2117 | D:3      | Reached XP level 4. HP: 25/28 MP: 3/12
  2250 | D:3      | Found a gateway to a ziggurat.
  2396 | D:3      | Reached XP level 5. HP: 33/33 MP: 5/13
  2770 | D:4      | Reached skill level 4 in Conjurations
  3047 | D:4      | Noticed an ogre
  3055 | D:4      | Killed an ogre
  3055 | D:4      | Reached XP level 6. HP: 39/39 MP: 5/15
  3873 | D:4      | Found a bloodstained altar of Trog.
  3911 | D:4      | Reached skill level 5 in Conjurations
  4056 | D:5      | Entered Level 5 of the Dungeon
  4064 | D:5      | Found a glowing golden altar of the Shining One.
  4336 | D:5      | Noticed Crazy Yiuf
  4353 | D:5      | Killed Crazy Yiuf
  4353 | D:5      | Reached skill level 1 in Air Magic
  4613 | D:5      | Found a blossoming altar of Fedhas.
  4648 | D:5      | Noticed Ijyb
  4665 | D:5      | Killed Ijyb
  4688 | D:5      | Reached skill level 1 in Fire Magic
  5030 | D:5      | Reached XP level 7. HP: 44/44 MP: 7/17
  5054 | D:5      | Noticed an oklob plant
  6020 | D:4      | Found a bloodstained altar of Trog.
  6147 | D:6      | Found a staircase to the Ecumenical Temple.
  6235 | Temple   | Entered the Ecumenical Temple
  6460 | Temple   | Became a worshipper of Sif Muna the Loreminder
  6893 | D:6      | Paralysed by a giant eyeball for 3 turns
  7065 | D:6      | Found a viscous altar of Jiyva.
  7194 | D:6      | Noticed Grinder
  7202 | D:6      | Killed Grinder
  7202 | D:6      | Acquired Sif Muna's first power
  7202 | D:6      | Reached XP level 8. HP: 50/50 MP: 7/20
  7447 | D:6      | Noticed Pikel
  7463 | D:6      | Killed Pikel
  7463 | D:6      | Reached skill level 5 in Air Magic
  7463 | D:6      | Reached skill level 1 in Invocations
  8072 | D:7      | Acquired Sif Muna's second power
  8107 | D:7      | Reached skill level 5 in Spellcasting
  8107 | D:7      | Reached skill level 6 in Air Magic
  8377 | D:7      | Noticed Sigmund
  8396 | D:7      | Noticed Eustachio
  8432 | D:6      | Reached XP level 9. HP: 55/55 MP: 7/22
  8877 | D:7      | Killed Sigmund
  9128 | D:7      | Killed Eustachio
  9249 | D:7      | Reached skill level 7 in Air Magic
 10511 | D:8      | Reached skill level 8 in Air Magic
 11401 | D:8      | Slain by a wight

Action                   |  1- 3 |  4- 6 |  7- 9 || total
-------------------------+-------+-------+-------++-------
Melee: Short sword       |    13 |    70 |    35 ||   118
       Staff             |       |       |    20 ||    20
 Cast: Magic Dart        |   111 |   139 |   462 ||   712
       Conjure Flame     |     1 |     7 |    36 ||    44
       Mephitic Cloud    |       |     4 |    32 ||    36
Invok: Channel Energy    |       |       |    46 ||    46
 Abil: Evoke Flight      |     2 |       |       ||     2
  Use: Potion            |       |     3 |     2 ||     5
       Scroll            |       |     4 |     7 ||    11
 Stab: Confused          |       |       |     2 ||     2
